| TOP OF THE 1ST |
|
Buffalo Bisons batting - Pitching for Round Rock Express : RHP Mike Powell
|
|
Pitching: RHP Mike Powell
|
|
|
Batting: SHB Bran Stark
|
0-0: Ball 1-0: Swinging Strike 1-1: Ground out 6-3 (Groundball, P, EV 86.9 MPH)
|
|
Batting: RHB Alex Ramos
|
0-0: Swinging Strike 0-1: SINGLE (Flyball, 8RS, EV 92.5 MPH)
|
|
Batting: LHB Michael Byrd
|
0-0: Ball 1-0: Foul Ball, location: 2F 1-1: Ball 2-1: Ball 3-1: Base on Balls Alex Ramos to second
|
|
Batting: RHB Danny Miramontes
|
0-0: Called Strike Alex Ramos steals 3rd base Michael Byrd to second 0-1: Foul Ball, location: 2F 0-2: Foul Ball, location: 2F 0-2: Ball 1-2: Foul Ball, location: 2F 1-2: Foul Ball, location: 2F 1-2: Ball 2-2: Ball 3-2: Fly out, F9 (Flyball, 9LS, EV 91.2 MPH) Runner from 3rd tags up, SCORES, throw by RF Michael Byrd to third
|
|
Batting: RHB Bill Murray
|
0-0: Ball 1-0: SINGLE (Flyball, 3D, EV 95.0 MPH) Michael Byrd scores
|
|
Batting: RHB Leo Mair
|
0-0: Called Strike Bill Murray steals 2nd base 0-1: Swinging Strike 0-2: Ball 1-2: Strikes out looking
|
| Top of the 1st over - 2 runs, 2 hits, 0 errors, 1 left on base; Buffalo 2 - Round Rock 0 |
| BOTTOM OF THE 1ST |
|
Round Rock Express batting - Pitching for Buffalo Bisons : RHP Jack Overbeek
|
|
Pitching: RHP Jack Overbeek
|
|
|
Batting: SHB Javy Rosa
|
0-0: Ball 1-0: Foul Ball, location: 2F 1-1: Called Strike 1-2: Ball 2-2: Foul Ball, location: 2F 2-2: Foul Ball, location: 2F 2-2: Ball 3-2: Base on Balls
|
|
Batting: RHB Masashi Yukizawa
|
0-0: Called Strike 0-1: Fielders Choice at 2nd, 6-4 (Groundball, 6, EV 86.2 MPH)
|
|
Batting: RHB Noah Stanley
|
0-0: Called Strike 0-1: Swinging Strike 0-2: Ball 1-2: Ball 2-2: Foul Ball, location: 2F 2-2: Ball 3-2: Foul Ball, location: 2F 3-2: Ground out 6-3 (Groundball, 6, EV 81.9 MPH) Masashi Yukizawa to second
|
|
Batting: RHB Ryan Kinkead
|
0-0: Called Strike 0-1: Ball 1-1: Foul Ball, location: 2F 1-2: Ball 2-2: Foul Ball, location: 2F 2-2: Strikes out swinging
|
| Bottom of the 1st over - 0 runs, 0 hits, 0 errors, 1 left on base; Buffalo 2 - Round Rock 0 |
| TOP OF THE 2ND |
|
Buffalo Bisons batting - Pitching for Round Rock Express : RHP Mike Powell
|
|
Batting: RHB Väinö Tapaninen
|
0-0: Foul Ball, location: 2F 0-1: Ball 1-1: Ball 2-1: Swinging Strike 2-2: Ball 3-2: Foul Ball, location: 2F 3-2: Foul Ball, location: 2F 3-2: Foul Ball, location: 2F 3-2: DOUBLE (Flyball, 89XD, EV 114.4 MPH)
|
|
Batting: RHB Danny Eberhart
|
0-0: Called Strike 0-1: Called Strike 0-2: Ball 1-2: Fly out, F8 (Flyball, 89D, EV 99.4 MPH) Runner from 2nd tags up, SAFE at 3rd, no throw by CF
|
|
Batting: RHB Bobby Lasaguna
|
0-0: Swinging Strike 0-1: Swinging Strike 0-2: Foul Ball, location: 2F 0-2: Foul Ball, location: 2F 0-2: Ball 1-2: Foul Ball, location: 2F 1-2: Ball 2-2: Strikes out swinging
|
|
Batting: SHB Bran Stark
|
0-0: Ball 1-0: Called Strike 1-1: Called Strike 1-2: Foul Ball, location: 2F 1-2: Foul Ball, location: 2F 1-2: Strikes out looking
|
| Top of the 2nd over - 0 runs, 1 hit, 0 errors, 1 left on base; Buffalo 2 - Round Rock 0 |
| BOTTOM OF THE 2ND |
|
Round Rock Express batting - Pitching for Buffalo Bisons : RHP Jack Overbeek
|
|
Batting: LHB Cooper Broomhall
|
0-0: Swinging Strike 0-1: Ball 1-1: Ball 2-1: SOLO HOME RUN (Flyball, 9D, EV 98.8 MPH), Distance : 377 ft
|
|
Batting: RHB Ivan Colon
|
0-0: Ball 1-0: Called Strike 1-1: Called Strike 1-2: SINGLE (Line Drive, 78S, EV 89.4 MPH)
|
|
Batting: RHB Adryão Anto
|
0-0: Ball 1-0: Ball 2-0: Ball 3-0: Base on Balls Ivan Colon to second
|
|
Batting: RHB Jonathan Rangel
|
0-0: Foul Ball, location: 2F 0-1: Ball 1-1: Called Strike 1-2: Fielders Choice at 2nd, 6-4 (Groundball, 6, EV 85.6 MPH) Ivan Colon to third
|
|
Batting: RHB Jeremy Boerman
|
0-0: Called Strike Jonathan Rangel steals 2nd base (no throw) 0-1: Ball 1-1: Ball 2-1: Ball 3-1: Base on Balls
|
|
Batting: SHB Javy Rosa
|
0-0: Ball 1-0: Swinging Strike 1-1: Ball 2-1: Ball 3-1: Swinging Strike 3-2: Foul Ball, location: 2F 3-2: Foul Ball, location: 2F 3-2: Ground out 4-3 (Groundball, 34D, EV 101.2 MPH) Ivan Colon scores Jonathan Rangel to third Jeremy Boerman to second
|
|
Batting: RHB Masashi Yukizawa
|
0-0: Ball Wild Pitch! Jonathan Rangel scores Jeremy Boerman to third 1-0: Ground out 4-3 (Groundball, 4M, EV 105.0 MPH)
|
| Bottom of the 2nd over - 3 runs, 2 hits, 0 errors, 1 left on base; Buffalo 2 - Round Rock 3 |
| TOP OF THE 3RD |
|
Buffalo Bisons batting - Pitching for Round Rock Express : RHP Mike Powell
|
|
Batting: RHB Alex Ramos
|
0-0: Called Strike 0-1: Foul Ball, location: 2F 0-2: Ball 1-2: Ball 2-2: Foul Ball, location: 2F 2-2: Ball 3-2: Strikes out swinging
|
|
Batting: LHB Michael Byrd
|
0-0: Ball 1-0: Swinging Strike 1-1: Ball 2-1: Ball 3-1: SINGLE (Line Drive, 8RS, EV 102.5 MPH)
|
|
Batting: RHB Danny Miramontes
|
0-0: Ball 1-0: Called Strike 1-1: Ball 2-1: Ball 3-1: Foul Ball, location: 2F 3-2: Foul Ball, location: 2F 3-2: Foul Ball, location: 2F 3-2: Foul Ball, location: 2F 3-2: Base on Balls Michael Byrd to second
|
|
Batting: RHB Bill Murray
|
0-0: Ball 1-0: Ball Michael Byrd steals 3rd base 2-0: Ball 3-0: Called Strike 3-1: Fly out, F4 (Popup, 3D, EV 65.6 MPH)
|
|
Batting: RHB Leo Mair
|
0-0: Foul Ball, location: 2F 0-1: Ball 1-1: Foul Ball, location: 2F 1-2: Fielders Choice at 2nd, 6-4 (Groundball, 6, EV 86.2 MPH)
|
| Top of the 3rd over - 0 runs, 1 hit, 0 errors, 2 left on base; Buffalo 2 - Round Rock 3 |
| BOTTOM OF THE 3RD |
|
Round Rock Express batting - Pitching for Buffalo Bisons : RHP Jack Overbeek
|
|
Batting: RHB Noah Stanley
|
0-0: Swinging Strike 0-1: SINGLE (Flyball, 8LS, EV 90.0 MPH)
|
|
Batting: RHB Ryan Kinkead
|
0-0: Grounds into double play, 5-4-3 (Groundball, 5, EV 108.8 MPH)
|
|
Batting: LHB Cooper Broomhall
|
0-0: Ball 1-0: Ball 2-0: Ball 3-0: Called Strike 3-1: SINGLE (Groundball, 4D, EV 97.5 MPH)
|
|
Batting: RHB Ivan Colon
|
0-0: Called Strike 0-1: Called Strike 0-2: Ball 1-2: Strikes out swinging
|
| Bottom of the 3rd over - 0 runs, 2 hits, 0 errors, 1 left on base; Buffalo 2 - Round Rock 3 |
| TOP OF THE 4TH |
|
Buffalo Bisons batting - Pitching for Round Rock Express : RHP Mike Powell
|
|
Batting: RHB Väinö Tapaninen
|
0-0: Called Strike 0-1: Ball 1-1: Called Strike 1-2: Ball 2-2: Ball 3-2: Foul Ball, location: 2F 3-2: Strikes out looking
|
|
Batting: RHB Danny Eberhart
|
0-0: Called Strike 0-1: Ball 1-1: Foul Ball, location: 2F 1-2: DOUBLE (Groundball, 5L, EV 101.2 MPH)
|
|
Batting: RHB Bobby Lasaguna
|
0-0: Called Strike 0-1: Foul Ball, location: 2F 0-2: Ball 1-2: Ball 2-2: Ball 3-2: Base on Balls
|
|
Batting: SHB Bran Stark
|
0-0: Ball Danny Eberhart is caught stealing 3rd base 2-5 Bobby Lasaguna to second 1-0: Foul Ball, location: 2F 1-1: Ball 2-1: Called Strike 2-2: Foul Ball, location: 2F 2-2: Foul Ball, location: 2F 2-2: Strikes out swinging
|
| Top of the 4th over - 0 runs, 1 hit, 0 errors, 1 left on base; Buffalo 2 - Round Rock 3 |
| BOTTOM OF THE 4TH |
|
Round Rock Express batting - Pitching for Buffalo Bisons : RHP Jack Overbeek
|
|
Batting: RHB Adryão Anto
|
0-0: Ball 1-0: Foul Ball, location: 2F 1-1: Swinging Strike 1-2: Strikes out swinging
|
|
Batting: RHB Jonathan Rangel
|
0-0: Called Strike 0-1: Called Strike 0-2: Strikes out looking
|
|
Batting: RHB Jeremy Boerman
|
0-0: Foul Ball, location: 2F 0-1: Swinging Strike 0-2: Foul Ball, location: 2F 0-2: Foul Ball, location: 2F 0-2: Strikes out looking
|
| Bottom of the 4th over - 0 runs, 0 hits, 0 errors, 0 left on base; Buffalo 2 - Round Rock 3 |
| TOP OF THE 5TH |
|
Buffalo Bisons batting - Pitching for Round Rock Express : RHP Mike Powell
|
|
Pitching: LHP Jaden Asante
|
|
|
Batting: RHB Alex Ramos
|
0-0: Ball 1-0: Ball 2-0: Ball 3-0: Base on Balls
|
|
Batting: LHB Michael Byrd
|
0-0: Ball 1-0: Ball 2-0: Called Strike 2-1: SINGLE (Line Drive, 8RS, EV 111.9 MPH) Alex Ramos to second
|
|
Batting: RHB Danny Miramontes
|
0-0: Ball 1-0: Called Strike 1-1: Fly out, F8 (Flyball, 78M, EV 87.5 MPH)
|
|
Batting: RHB Bill Murray
|
0-0: Foul Ball, location: 2F 0-1: Ball 1-1: Ball 2-1: Ball 3-1: Fly out, F9 (Flyball, 9LM, EV 88.8 MPH) Runner from 2nd tags up, SAFE at 3rd with throw by RF
|
|
Batting: RHB Leo Mair
|
0-0: Ball Wild Pitch! Alex Ramos scores Michael Byrd to second 1-0: Called Strike 1-1: Ball 2-1: Swinging Strike 2-2: Ball 3-2: Ground out 4-3 (Groundball, 4, EV 83.1 MPH)
|
| Top of the 5th over - 1 run, 1 hit, 0 errors, 1 left on base; Buffalo 3 - Round Rock 3 |
| BOTTOM OF THE 5TH |
|
Round Rock Express batting - Pitching for Buffalo Bisons : RHP Jack Overbeek
|
|
Batting: SHB Javy Rosa
|
0-0: Called Strike 0-1: Ground out 4-3 (Groundball, 4, EV 84.4 MPH)
|
|
Batting: RHB Masashi Yukizawa
|
0-0: Ball 1-0: Called Strike 1-1: Foul Ball, location: 2F 1-2: Foul Ball, location: 2F 1-2: Ball 2-2: Ball 3-2: Base on Balls
|
|
Batting: RHB Noah Stanley
|
0-0: Ball 1-0: Ball 2-0: Called Strike 2-1: Called Strike 2-2: Ball 3-2: Foul Ball, location: 2F 3-2: SINGLE (Groundball, 56, EV 109.4 MPH) (infield hit) Masashi Yukizawa to second
|
|
Batting: RHB Ryan Kinkead
|
0-0: Called Strike 0-1: Ball 1-1: Foul Ball, location: 2F 1-2: Foul Ball, location: 2F 1-2: Ball 2-2: Ball 3-2: SINGLE (Line Drive, 7LS, EV 105.0 MPH) Masashi Yukizawa to third Noah Stanley to second
|
|
Pitching: RHP Art Nobles
|
|
|
Batting: LHB Cooper Broomhall
|
0-0: Swinging Strike 0-1: Ball 1-1: Foul Ball, location: 2F 1-2: Ball 2-2: Ball 3-2: Base on Balls Masashi Yukizawa scores Noah Stanley to third Ryan Kinkead to second
|
|
Pinch Hitting: SHB Pat Wilson
|
0-0: Ball 1-0: Ball 2-0: Grounds into double play, 6-4-3 (Groundball, 6, EV 88.1 MPH)
|
| Bottom of the 5th over - 1 run, 2 hits, 0 errors, 2 left on base; Buffalo 3 - Round Rock 4 |
| TOP OF THE 6TH |
|
Buffalo Bisons batting - Pitching for Round Rock Express : LHP Jaden Asante
|
|
Now at 3B: Jarrod Joyce
|
|
|
Batting: RHB Väinö Tapaninen
|
0-0: Ground out 6-3 (Groundball, 6, EV 77.5 MPH)
|
|
Batting: RHB Danny Eberhart
|
0-0: Foul Ball, location: 2F 0-1: Foul Ball, location: 2F 0-2: Strikes out swinging
|
|
Batting: RHB Bobby Lasaguna
|
0-0: Fly out, F8 (Flyball, 8LXD, EV 88.1 MPH)
|
| Top of the 6th over - 0 runs, 0 hits, 0 errors, 0 left on base; Buffalo 3 - Round Rock 4 |
| BOTTOM OF THE 6TH |
|
Round Rock Express batting - Pitching for Buffalo Bisons : RHP Art Nobles
|
|
Batting: RHB Adryão Anto
|
0-0: Ball 1-0: Ground out 6-3 (Groundball, 6S, EV 86.2 MPH)
|
|
Batting: RHB Jonathan Rangel
|
0-0: Ball 1-0: Ball 2-0: Called Strike 2-1: Foul Ball, location: 2F 2-2: Strikes out looking
|
|
Batting: RHB Jeremy Boerman
|
0-0: Ball 1-0: Called Strike 1-1: Ball 2-1: Ground out U3 (Groundball, 34, EV 90.6 MPH)
|
| Bottom of the 6th over - 0 runs, 0 hits, 0 errors, 0 left on base; Buffalo 3 - Round Rock 4 |
| TOP OF THE 7TH |
|
Buffalo Bisons batting - Pitching for Round Rock Express : LHP Jaden Asante
|
|
Batting: SHB Bran Stark
|
0-0: Foul Ball, location: 2F 0-1: Ball 1-1: Ground out U3 (Groundball, 3, EV 76.9 MPH)
|
|
Batting: RHB Alex Ramos
|
0-0: Called Strike 0-1: Called Strike 0-2: Strikes out swinging, 2-3 out at first.
|
|
Batting: LHB Michael Byrd
|
0-0: Called Strike 0-1: Called Strike 0-2: Ball 1-2: Strikes out swinging
|
| Top of the 7th over - 0 runs, 0 hits, 0 errors, 0 left on base; Buffalo 3 - Round Rock 4 |
| BOTTOM OF THE 7TH |
|
Round Rock Express batting - Pitching for Buffalo Bisons : RHP Art Nobles
|
|
Batting: SHB Javy Rosa
|
0-0: Ball 1-0: Called Strike 1-1: Ball 2-1: Ball 3-1: Base on Balls
|
|
Batting: RHB Masashi Yukizawa
|
0-0: Sac Bunt to 3S - play at first, batter OUT! 3-4 Javy Rosa to second
|
|
Batting: RHB Noah Stanley
|
0-0: Called Strike 0-1: Called Strike 0-2: Ball 1-2: Ground out 6-3 (Groundball, 6, EV 88.8 MPH) Javy Rosa to third
|
|
Batting: RHB Ryan Kinkead
|
0-0: Called Strike 0-1: Ball 1-1: Ball 2-1: Ball 3-1: Base on Balls
|
|
Batting: LHB Cooper Broomhall
|
0-0: Swinging Strike 0-1: Ball 1-1: Fly out, F7 (Flyball, 78M, EV 85.6 MPH)
|
| Bottom of the 7th over - 0 runs, 0 hits, 0 errors, 2 left on base; Buffalo 3 - Round Rock 4 |
| TOP OF THE 8TH |
|
Buffalo Bisons batting - Pitching for Round Rock Express : LHP Jaden Asante
|
|
Pitching: LHP Matt Walton
|
|
|
Batting: RHB Danny Miramontes
|
0-0: Ball 1-0: Ball 2-0: Foul Ball, location: 2F 2-1: Foul Ball, location: 2F 2-2: Foul Ball, location: 2F 2-2: Ball 3-2: Fly out, F9 (Flyball, 9S, EV 85.6 MPH)
|
|
Batting: RHB Bill Murray
|
0-0: Swinging Strike 0-1: SINGLE (Line Drive, 78S, EV 100.6 MPH)
|
|
Batting: RHB Leo Mair
|
0-0: Ball 1-0: Ball 2-0: Ball 3-0: Called Strike 3-1: SINGLE (Line Drive, 56, EV 96.2 MPH) Bill Murray to second
|
|
Batting: RHB Väinö Tapaninen
|
0-0: Called Strike 0-1: Ball 1-1: Ball 2-1: Called Strike 2-2: Strikes out swinging
|
|
Batting: RHB Danny Eberhart
|
0-0: Called Strike 0-1: Called Strike 0-2: Strikes out looking
|
| Top of the 8th over - 0 runs, 2 hits, 0 errors, 2 left on base; Buffalo 3 - Round Rock 4 |
| BOTTOM OF THE 8TH |
|
Round Rock Express batting - Pitching for Buffalo Bisons : RHP Art Nobles
|
|
Pitching: RHP Luis Bautista
|
|
|
Batting: RHB Jarrod Joyce
|
0-0: Called Strike 0-1: Swinging Strike 0-2: Ball 1-2: Strikes out swinging
|
|
Batting: RHB Adryão Anto
|
0-0: Called Strike 0-1: Called Strike 0-2: Ball 1-2: Ball 2-2: Strikes out swinging
|
|
Batting: RHB Jonathan Rangel
|
0-0: Ball 1-0: Ball 2-0: Called Strike 2-1: Ball 3-1: Base on Balls
|
|
Batting: RHB Jeremy Boerman
|
0-0: Ball 1-0: Called Strike 1-1: SINGLE (Groundball, P, EV 78.1 MPH) (infield hit) Jonathan Rangel to second
|
|
Batting: SHB Javy Rosa
|
0-0: Ball 1-0: Foul Ball, location: 2F 1-1: Swinging Strike 1-2: Ground out 4-3 (Groundball, 4S, EV 65.0 MPH)
|
| Bottom of the 8th over - 0 runs, 1 hit, 0 errors, 2 left on base; Buffalo 3 - Round Rock 4 |
| TOP OF THE 9TH |
|
Buffalo Bisons batting - Pitching for Round Rock Express : LHP Matt Walton
|
|
Pitching: RHP Danny Romero
|
|
|
Pinch Hitting: LHB Isto Mäyrä
|
0-0: Ball 1-0: Called Strike 1-1: DOUBLE (Flyball, 8LXD, EV 113.8 MPH)
|
|
Batting: SHB Bran Stark
|
0-0: Reached on error, E1 (Groundball, 15, EV 43.8 MPH) Isto Mäyrä scores
|
|
Pinch Hitting: LHB Jack Bell
|
0-0: Fly out, F7 (Flyball, 7LMF, EV 77.5 MPH)
|
|
Batting: LHB Michael Byrd
|
0-0: Intentional Walk
|
|
Batting: RHB Danny Miramontes
|
0-0: Ball 1-0: Foul Ball, location: 2F 1-1: Foul Ball, location: 2F 1-2: Foul Ball, location: 2F 1-2: Strikes out swinging
|
|
Batting: RHB Bill Murray
|
0-0: Ball 1-0: Foul Ball, location: 2F 1-1: Foul Ball, location: 2F 1-2: Strikes out looking
|
| Top of the 9th over - 1 run, 1 hit, 1 error, 2 left on base; Buffalo 4 - Round Rock 4 |
| BOTTOM OF THE 9TH |
|
Round Rock Express batting - Pitching for Buffalo Bisons : RHP Luis Bautista
|
|
Pitching: RHP Aaron Linkous
|
|
|
Now at C: Ben Zeiler
|
|
|
Now at 1B: Jeff Garofalo
|
|
|
Pinch Hitting: SHB Dan Lash
|
0-0: Called Strike 0-1: Foul Ball, location: 2F 0-2: SINGLE (Groundball, 4MS, EV 62.5 MPH) (infield hit)
|
|
Batting: RHB Noah Stanley
|
0-0: Ball 1-0: Ball 2-0: Called Strike 2-1: Foul Ball, location: 2F 2-2: Foul Ball, location: 2F 2-2: Strikes out swinging
|
|
Batting: RHB Ryan Kinkead
|
0-0: Ball 1-0: Ball 2-0: Ball 3-0: Called Strike 3-1: Called Strike 3-2: Strikes out swinging Dan Lash is caught stealing 2nd base 2-4 Batter strikes out.
|
| Bottom of the 9th over - 0 runs, 1 hit, 0 errors, 0 left on base; Buffalo 4 - Round Rock 4 |
| TOP OF THE 10TH |
|
Buffalo Bisons batting - Pitching for Round Rock Express : RHP Danny Romero
|
|
Now at 2B: Doug Hammertime
|
|
|
Now at SS: Noah Stanley
|
|
|
Batting: RHB Leo Mair
|
0-0: Ball 1-0: Swinging Strike 1-1: SINGLE (Flyball, 6D, EV 88.8 MPH)
|
|
Batting: RHB Väinö Tapaninen
|
0-0: Sac Bunt to 3S - play at first, batter OUT! 3-1 Leo Mair to second
|
|
Batting: RHB Danny Eberhart
|
0-0: Swinging Strike 0-1: Foul Ball, location: 2F 0-2: Ball 1-2: Ball 2-2: SINGLE (Flyball, 8LS, EV 84.4 MPH) Leo Mair to third
|
|
Batting: RHB Jeff Garofalo
|
0-0: Called Strike 0-1: Called Strike 0-2: Ground out 4-3 (Groundball, 13, EV 86.2 MPH) Leo Mair scores Danny Eberhart to second
|
|
Batting: SHB Bran Stark
|
0-0: Ground out 4-3 (Groundball, 4, EV 85.6 MPH)
|
| Top of the 10th over - 1 run, 2 hits, 0 errors, 1 left on base; Buffalo 5 - Round Rock 4 |
| BOTTOM OF THE 10TH |
|
Round Rock Express batting - Pitching for Buffalo Bisons : RHP Aaron Linkous
|
|
Pitching: LHP Mario Amore
|
|
|
Now in LF: Francisco Hernandez
|
|
|
Now in RF: Väinö Tapaninen
|
|
|
Batting: RHB Josh Ferguson
|
0-0: Ball 1-0: Called Strike 1-1: Ball 2-1: Swinging Strike 2-2: Foul Ball, location: 2F 2-2: Ground out U3 (Groundball, 3S, EV 80.0 MPH)
|
|
Batting: RHB Jarrod Joyce
|
0-0: Called Strike 0-1: Foul Ball, location: 2F 0-2: DOUBLE (Flyball, 8LXD, EV 89.4 MPH)
|
|
Batting: RHB Adryão Anto
|
0-0: Called Strike 0-1: Foul Ball, location: 2F 0-2: Ball 1-2: Ball 2-2: Fly out, F7 (Line Drive, 7S, EV 99.4 MPH)
|
|
Batting: RHB Jonathan Rangel
|
0-0: Called Strike 0-1: Swinging Strike 0-2: Ball 1-2: Ground out 6-3 (Groundball, 6M, EV 85.6 MPH)
|
| Bottom of the 10th over - 0 runs, 1 hit, 0 errors, 1 left on base; Buffalo 5 - Round Rock 4 |
|